 Dungeon Crawl Stone Soup version 0.24.1-1-gd1d2a07e1b (webtiles) character file.

Game seed: 10810616508126106169, levelgen mode: deterministic

108 Peloso the Shield-Bearer (level 4, 0/40 HPs)
             Began as a Minotaur Fighter on Apr 9, 2020.
             Succumbed to an adder's poison
             ... on level 3 of the Dungeon.
             The game lasted 00:03:07 (1385 turns).

Peloso the Shield-Bearer (Minotaur Fighter)         Turns: 1385, Time: 00:03:08

Health: 0/40       AC:  9    Str: 20    XL:     4   Next: 58%
Magic:  3/3        EV:  6    Int:  5    God:
Gold:   60         SH:  9    Dex: 11    Spells: 3/3 levels left

rFire    . . .     SeeInvis .   a - +0 long sword
rCold    . . .     Gourm    .   c - +0 shield
rNeg     . . .     Faith    .   j - +0 chain mail
rPois    .         Spirit   .   (helmet restricted)
rElec    .         Reflect  .   (no cloak)
rCorr    .         Harm     .   (no gloves)
MR       .....                  (no boots)
Stlth    ..........             (no amulet)
HPRegen  0.13/turn              (no ring)
MPRegen  0.08/turn              (no ring)

@: lethally poisoned (0 -> -3)
A: retaliatory headbutt, horns 2
a: no special abilities


You were on level 3 of the Dungeon.
You were hungry.

You visited 1 branch of the dungeon, and saw 3 of its levels.

You collected 60 gold pieces.

Inventory:

Hand Weapons
 a - a +0 long sword (weapon)
Armour
 b - a +0 scale mail
 c - a +0 shield (worn)
 j - a +0 chain mail (worn)
Jewellery
 k - a +4 ring of intelligence {unknown}
 n - an uncursed ring of resist corrosion {unknown}
Scrolls
 e - 5 scrolls of identify {unknown}
 g - 2 scrolls of remove curse {unknown}
 l - a scroll of enchant armour {unknown}
 m - a scroll of teleportation {unknown}
Potions
 d - 2 potions of might
 i - a potion of haste
Comestibles
 f - 6 rations


   Skills:
 + Level 4.0 Fighting
 + Level 3.7 Long Blades
 + Level 4.4 Armour
 + Level 1.0 Dodging
 + Level 4.6 Shields


You had 3 spell levels left.
You didn't know any spells.
Your spell library contained the following spells:

 Spells                   Type           Power        Failure   Level  Hunger
 Magic Dart               Conj           #...         100%        1    ##.....
 Searing Ray              Conj           #.....       100%        2    ###....
 Dazzling Spray           Conj/Hex       #.....       100%        3    ####...
 Force Lance              Conj/Tloc      #.......     100%        4    #####..
 Fulminant Prism          Conj/Hex       #.........   100%        4    #####..
 Iskenderun's Mystic Bla  Conj           #.......     100%        4    #####..


Dungeon Overview and Level Annotations

Branches:
Dungeon (3/15)

Altars:
Trog


Innate Abilities, Weirdness & Mutations

You reflexively headbutt those who attack you in melee.
You have a pair of horns on your head.


Message History

The gnoll hits you with a +0 halberd.
* * * LOW HITPOINT WARNING * * *
You hit the gnoll.
The gnoll is severely wounded.
You feel sick. You block the adder's attack. The gnoll closely misses you.
You furiously retaliate!
You headbutt the gnoll! You block the adder's attack.
You block the gnoll's attack.
You hit the gnoll but do no damage.
The gnoll is severely wounded.
The adder bites you but does no damage. You block the gnoll's attack.
The gnoll hits you with a +0 halberd!
* * * LOW HITPOINT WARNING * * *
You block the adder's attack.
Unknown command.
Okay, then.
Unknown command.
Your shield and chain mail prevent you from hitting the gnoll.
Your headbutt misses the gnoll.
The gnoll is severely wounded.
You die...

.).†.############# g
.###......).))...### ##
...#..................
####≈##
...#.).......####.....
≈≈≈≈≈≈≈
>...............# #### .
.≈≈≈≈≈≈
...#.........##.# ...
..≈≈≈≈≈
...#.........##.####..##
#......
...#....................
.......
...#..........#.@g%...#
#######
...##########.##Sg....#
...# #.#.......# ...#
#.......# #### #%.....##
###....# ..### ...


You could see 2 gnolls and an adder.

Vanquished Creatures
  A gnoll (D:3)
  2 adders (D:3)
  A worm (D:2)
  3 dart slugs
  2 leopard geckos
  An orc (D:3)
  7 bats
  4 giant cockroaches
  4 goblins
  11 hobgoblins
  3 jackals (D:3)
  9 kobolds
  3 ball pythons
  4 frilled lizards
  12 rats
67 creatures vanquished.

Notes
Turn   | Place    | Note
-------+----------+-------------------------------------------
     0 | D:1      | Peloso the Minotaur Fighter began the quest for the Orb.
     0 | D:1      | Reached XP level 1. HP: 19/19 MP: 0/0
   183 | D:1      | Reached XP level 2. HP: 21/27 MP: 1/1
   660 | D:2      | Reached XP level 3. HP: 32/33 MP: 2/2
   732 | D:2      | Found a bloodstained altar of Trog.
  1128 | D:3      | Reached XP level 4. HP: 34/40 MP: 3/3
  1356 | D:3      | Reached skill level 1 in Dodging
  1384 | D:3      | HP: 1/40 [gnoll/+0 halberd (10)]
  1385 | D:3      | Succumbed to an adder's poison

Levels and vault maps discovered:
D:1:      scummos_arrival_forest, layout_loops_ring
D:2:      layout_basic, lemuel_crystal_altar, first_ration
D:3:      cheibrodos_thug_alley, layout_basic, nicolae_overflow_crystal_walls,
          minivault_5

Skill      XL: |  1  2  3  4 |
---------------+-------------+-----
Armour         | 4 |  4.4
Shields        | 4 |  4.6
Long Blades    | 3 |  3.7
Fighting       | 4 |  4.0
Dodging        | 1 |  1.0

Action                   |  1- 3 |  4- 6 || total
-------------------------+-------+-------++-------
Melee: Long sword        |    89 |    51 ||   140
       Headbutt          |    12 |     6 ||    18
  Use: Potion            |     5 |       ||     5
  Eat: Chunk             |       |     1 ||     1
Armor: Scale mail        |    29 |       ||    29
       Chain mail        |    36 |    50 ||    86
Dodge: Dodged            |    25 |    20 ||    45
Block: Shield            |    64 |    54 ||   118
       Rpst.: Long sword |     7 |     4 ||    11
